 Dungeon Crawl Stone Soup version 0.30.0 (webtiles) character file.

Game seed: 9780511206008345282

51 Minorbread the Sneak (level 4, 0/26 HPs)
             Began as a Kobold Brigand on June 1, 2023.
             Slain by a gnoll
             ... wielding a +1 flail of protection
              (5 damage)
             ... on level 2 of the Dungeon.
             The game lasted 00:01:12 (754 turns).

Minorbread the Sneak (Kobold Brigand)                Turns: 754, Time: 00:01:13

Health: 0/26       AC:  3    Str:  8    XL:     4   Next: 7%
Magic:  4/4        EV: 14    Int: 12    God:
Gold:   52         SH:  0    Dex: 18    Spells: 3/3 levels left

rFire   . . .        a - +2 dagger
rCold   . . .        (no shield)
rNeg    . . .        b - +0 robe
rPois   .            (no helmet)
rElec   .            c - +0 cloak
rCorr   .            (no gloves)
SInv    .            (no boots)
Will    .....        (no amulet)
Stlth   ++++         (no ring)
HPRegen 0.24/turn    (no ring)
MPRegen 0.09/turn

%: no passive effects
@: no status effects
A: small, no large weapons, nightstalker 3
a: no special abilities


You were on level 2 of the Dungeon.
You visited 1 branch of the dungeon, and saw 2 of its levels.

You collected 52 gold pieces.

Inventory:

Hand Weapons
 a - a +2 dagger (weapon)
Missiles
 d - 11 poisoned darts (quivered)
 e - 3 curare-tipped darts
 k - a throwing net
Armour
 b - a +0 robe (worn)
 c - a +0 cloak (worn)
Scrolls
 f - a scroll of fear {unknown}
 g - 3 scrolls of teleportation {unknown}
 h - a scroll of identify {unknown}
 i - 2 scrolls of enchant weapon {unknown}
 l - a scroll of immolation {unknown}
Potions
 j - a potion of heal wounds {unknown}


   Skills:
 - Level 2.1 Fighting
 + Level 4.2 Short Blades
 - Level 2.1 Throwing
 - Level 1.2 Dodging
 + Level 6.4 Stealth


You had 3 spell levels left.
You didn't know any spells.
Your spell library contained the following spells:

 Spells                   Type           Power      Damage    Failure   Level
 Shock                    Conj/Air       0%         1d3       32%         1
 Swiftness                Air            0%         N/A       69%         3
 Airstrike                Air            0%         2d(0-16)  97%         4


Dungeon Overview and Level Annotations

Branches:
Dungeon (2/15)

Altars:


Innate Abilities, Weirdness & Mutations

You are small and have problems with some larger weapons.
You are completely attuned to the shadows.


Message History

You hit the gnoll.
The gnoll is severely wounded.
The gnoll barely misses you.
You hit the gnoll.
The gnoll is almost dead.
You hit the gnoll but do no damage.
The gnoll is almost dead.
The gnoll hits you with a +0 whip!
You hit the gnoll.
You kill the gnoll!
You have reached level 4!
You start resting.
HP restored.
The gnoll shouts!
The gnoll hits you with a +1 flail of protection!
You closely miss the gnoll. The gnoll closely misses you.
You hit the gnoll.
The gnoll is lightly wounded.
The gnoll closely misses you.
You hit the gnoll but do no damage.
The gnoll is lightly wounded.
You hit the gnoll but do no damage.
The gnoll is lightly wounded.
The gnoll closely misses you.
You hit the gnoll.
The gnoll is moderately wounded.
The gnoll closely misses you.
You hit the gnoll but do no damage.
The gnoll is moderately wounded.
The gnoll hits you with a +1 flail of protection!
* * * LOW HITPOINT WARNING * * *
You closely miss the gnoll.
The gnoll is moderately wounded.
You hit the gnoll but do no damage.
The gnoll is moderately wounded.
The gnoll closely misses you.
You barely miss the gnoll.
The gnoll is moderately wounded.
The gnoll hits you with a +1 flail of protection.
You die...

#<.......# #......#
##############......#
...........#
######.....# #.
#.....#
#.#######.....#
..............#
.....####.#.###
....@.# #...#
....g)#####)#
.........g..#
.....###.####
........... . ###.###
...


You could see a gnoll.

Vanquished Creatures
  3 gnolls
  3 dart slugs (D:1)
  2 bats (D:1)
  A giant cockroach (D:1)
  3 goblins (D:1)
  A hobgoblin (D:1)
  2 kobolds (D:1)
  2 ball pythons (D:1)
  A frilled lizard (D:1)
18 creatures vanquished.

Notes
Turn   | Place    | Note
-------+----------+-------------------------------------------
     0 | D:1      | Minorbread the Kobold Brigand began the quest for the Orb.
     0 | D:1      | Reached XP level 1. HP: 12/12 MP: 1/1
   184 | D:1      | Reached XP level 2. HP: 17/17 MP: 2/2
   235 | D:1      | Found a faded altar of an unknown god.
   338 | D:1      | Reached XP level 3. HP: 21/21 MP: 3/3
   391 | D:1      | Reached skill level 6 in Stealth
   701 | D:2      | Reached XP level 4. HP: 18/26 MP: 4/4
   754 | D:2      | Slain by a gnoll

Illustrated notes

Levels and vault maps discovered:
D:1:      amcnicky_arrival_gap_in_the_tavern_cellar, layout_rooms,
          shapermc_ecumenical_altar_totnotflames
D:2:      layout_basic, minivault_27

Skill      XL: |  1  2  3 |
---------------+----------+-----
Short Blades   | 3 4 |  4.2
Stealth        | 6 |  6.4
Fighting       | |  2.1
Throwing       | |  2.1
Dodging        | |  1.2

Action                     |  1- 3 |  4- 6 || total
---------------------------+-------+-------++-------
  Melee: Dagger            |    35 |     9 ||    44
   Stab: Sleeping          |    11 |       ||    11
 Armour: Robe              |     5 |       ||     5
  Dodge: Dodged            |     9 |     5 ||    14
